 Dungeon Crawl Stone Soup version 0.20-a0-548-g4f8a798 (webtiles) character file.

65 Dfrag the Conjurer (level 4, -5/43 HPs)
             Began as a Naga Conjurer on Feb 1, 2017.
             Killed from afar by aTarkinC's ghost (10 damage)
             ... with a flame tongue
             ... on level 3 of the Dungeon.
             The game lasted 00:03:02 (1275 turns).

Dfrag the Conjurer (Naga Conjurer)                  Turns: 1275, Time: 00:03:03

Health: -5/43      AC:  7    Str: 10    XL:     4   Next: 14%
Magic:  2/9        EV: 10    Int: 19    God:
Gold:   53         SH:  0    Dex: 12    Spells: 6/9 levels left

rFire    . . .     SeeInvis +   n - +3 short sword
rCold    . . .     Gourm    .   a - +0 robe
rNeg     . . .     Faith    .   (no shield)
rPois    +         Spirit   .   l - +2 helmet {Int+3}
rElec    .         Reflect  .   (no cloak)
rCorr    .         Harm     .   (no gloves)
MR       .....     Clarity  +   (no barding)
Stlth    ++........             (no amulet)
Regen    0.2/turn               (no ring)
                                (no ring)

@: flying, very slow
A: slimy green scales 1, see invisible, clarity, deformed body, poison
resistance, robust 2, slowness 2, slow metabolism 1, spit poison 1, AC +1
a: Spit Poison


You were on level 3 of the Dungeon.
You were not hungry.

You visited 1 branch of the dungeon, and saw 3 of its levels.

You collected 53 gold pieces.

Inventory:

Hand Weapons
 n - a +3 short sword (weapon)
Armour
 a - a +0 robe (worn)
 l - a +2 helmet of intelligence (worn)
Scrolls
 e - 2 scrolls of identify {unknown}
 f - 5 scrolls of remove curse {unknown}
 h - 2 scrolls of fog {unknown}
 k - a scroll of teleportation {unknown}
 m - a scroll of noise {unknown}
Books
 b - a book of Conjurations

   Spells                             Type                      Level
   a - Magic Dart                     Conjuration                  1
   b - Searing Ray                    Conjuration                  2
   c - Dazzling Spray                 Conjuration/Hexes            3
   d - Fulminant Prism                Conjuration/Hexes            4
   e - Iskenderun's Mystic Blast      Conjuration                  4
   f - Iskenderun's Battlesphere      Conjuration/Charms           5
Comestibles
 c - 3 bread rations
 d - 3 meat rations
 o - a royal jelly
 q - a chunk of flesh


   Skills:
 - Level 1.5 Dodging
 - Level 3.0 Stealth
 * Level 3.4 Spellcasting
 + Level 4.5 Conjurations


You had 6 spell levels left.
You knew the following spells:

 Your Spells              Type           Power        Failure   Level  Hunger
a - Magic Dart            Conj           ###.         2%          1    None
b - Searing Ray           Conj           ###...       4%          2    ##.....


Dungeon Overview and Level Annotations

Branches:
Dungeon (3/15)

Altars:

Annotations:
D:3 aTarkinC's ghost, novice TeFE


Innate Abilities, Weirdness & Mutations

You cannot wear boots.
Your serpentine skin is tough. (AC +1)
You have supernaturally acute eyesight. (SInv)
Armour fits poorly on your strangely shaped body.
Your system is resistant to poisons. (rPois)
You cover ground very slowly.
You have a slow metabolism.
You can spit poison.
You are partially covered in slimy green scales. (AC +2)
You possess an exceptional clarity of mind.
You are very robust. (+20% HP)


Message History

You closely miss aTarkinC's ghost.
ATarkinC's ghost is almost destroyed.
ATarkinC's ghost casts a spell at you. The flame tongue hits you!
You hit aTarkinC's ghost.
ATarkinC's ghost is almost destroyed.
ATarkinC's ghost gestures at you while chanting.
The flame tongue hits you!
* * * LOW HITPOINT WARNING * * *
You hit aTarkinC's ghost but do no damage.
ATarkinC's ghost is almost destroyed.
ATarkinC's ghost casts a spell at you. The flame tongue hits you!
* * * LOW HITPOINT WARNING * * *
It was a potion of beneficial mutation.
You feel robust.
You feel fantastic!
ATarkinC's ghost points at you and mumbles some strange words.
The flame tongue hits you!
You die...

.......†.............#
..................≈≈≈≈
..................≈###
.................≈≈≈≈
.##.............≈≈#≈
#.............≈≈#≈
#.)...........≈≈#≈
#W............≈≈≈≈
#@..#######'##≈###
#...# #.##≈≈≈≈ #####
#.#..... #.#.####
#.#.# # #.#.# # #.#.#
# #.#.# # #.# #


You could see aTarkinC's ghost.

Vanquished Creatures
  A gnoll (D:1)
  2 dart slugs (D:2)
  2 leopard geckos
  A giant cockroach (D:2)
  2 goblins
  5 hobgoblins
  6 jackals
  3 quokkas
  8 bats
  A frilled lizard (D:1)
  12 kobolds
  4 rats
47 creatures vanquished.

Notes
Turn   | Place    | Note
-------+----------+-------------------------------------------
     0 | D:1      | Dfrag the Naga Conjurer began the quest for the Orb.
     0 | D:1      | Reached XP level 1. HP: 15/15 MP: 3/3
   176 | D:1      | Reached XP level 2. HP: 20/22 MP: 0/5
   369 | D:2      | Reached XP level 3. HP: 15/28 MP: 0/7
   660 | D:2      | Learned a level 2 spell: Searing Ray
  1168 | D:3      | Reached XP level 4. HP: 36/36 MP: 3/9
  1255 | D:3      | Noticed aTarkinC's ghost (novice TeFE)
  1259 | D:3      | Gained mutation: You are robust. (+10% HP) [potion of mutation]
  1259 | D:3      | Gained mutation: You possess an exceptional clarity of mind. [potion of mutation]
  1259 | D:3      | Gained mutation: You are partially covered in slimy green scales. (AC +2) [potion of mutation]
  1275 | D:3      | Gained mutation: You are very robust. (+20% HP) [potion of beneficial mutation]
  1275 | D:3      | Killed from afar by aTarkinC's ghost

Vault maps used:
D:1:      evilmike_arrival_grusome_pit
D:2:      minmay_kobold_bridge, first_bread
D:3:      lemuel_coloured_pillars_altar, chequers_ecumenical_altar_simple,
          minmay_crystal_water, tgw_trog

Skill      XL: |  1  2  3 |
---------------+----------+-----
Spellcasting   | 3 |  3.4
Dodging        | |  1.5
Stealth        | |  3.0
Conjurations   | |  4.5

Action                   |  1- 3 |  4- 6 || total
-------------------------+-------+-------++-------
Melee: Unarmed           |     2 |       ||     2
       Short sword       |    28 |    12 ||    40
 Cast: Magic Dart        |    39 |     6 ||    45
       Searing Ray       |     1 |     1 ||     2
 Abil: Spit Poison       |    17 |     1 ||    18
  Use: Potion            |       |     4 ||     4
  Eat: Chunk             |     1 |     1 ||     2
Armor: Robe              |    27 |     3 ||    30
Dodge: Dodged            |    29 |     5 ||    34
